[ AOE2 MATCH · #483661835 ]
UnrankedBritons vs Magyars
[ REPLAY ANALYSIS · EXTRACTED FROM THE RECORDED GAME ]
Feudal
9:28
Castle
25:08
Imperial
—
| APM avg | 15.9 |
| APM peak | 51 |
| eAPM avg | 9.9 |
| Villagers / military | 73 / 34 |
Focus
⚔️ 20.8% · 🌾 79.2%
Archer ×24 · Trade Cart ×12 · Longbowman ×7 · Spearman ×3
Feudal
9:43
Castle
22:20
Imperial
—
| APM avg | 37.1 |
| APM peak | 94 |
| eAPM avg | 17.4 |
| Villagers / military | 90 / 37 |
Focus
⚔️ 19.7% · 🌾 80.3%
Knight ×26 · Spearman ×6 · Scout Cavalry ×5
Feudal
10:34
Castle
29:04
Imperial
—
| APM avg | 14.5 |
| APM peak | 28 |
| eAPM avg | 8.5 |
| Villagers / military | 66 / 30 |
Focus
⚔️ 25.5% · 🌾 74.5%
Scout Cavalry ×28 · Spearman ×2
Feudal
10:44
Castle
—
Imperial
—
| APM avg | 13.3 |
| APM peak | 39 |
| eAPM avg | 6.3 |
| Villagers / military | 29 / 2 |
Focus
⚔️ 19.6% · 🌾 80.4%
Spearman ×2 · Trade Cart ×1
Match map
Initial resources + every placement click. Lines = walls · curves = elevation contours. ◆ gold · ⬟ stone · ● berries · ✦ relic · ◌ wall gap
Your base· Open — 7t gap
nutix's base· Open — unwalled flank
Mijael's base· Open — unwalled flank
MarvinOoo ツ's base· Open — unwalled flank
Smoothed initial terrain · ◌ = detected wall gap · hover for details
Inputs per minute
— xinako13 - - nutix
Build order — xinako13
First 150 of 209 actions detected
| 0:02 | Create | Villager (Male) |
| 0:02 | Create | Villager (Male) |
| 0:02 | Create | Villager (Male) |
| 0:04 | Build | House |
| 0:05 | Build | House |
| 0:36 | Create | Villager (Male) |
| 1:25 | Create | Villager (Male) |
| 1:53 | Create | Villager (Male) |
| 2:22 | Create | Villager (Male) |
| 2:43 | Create | Villager (Male) |
| 2:44 | Research | Loom |
| 2:47 | Create | Villager (Male) |
| 3:04 | Build | Lumber Camp |
| 3:19 | Create | Villager (Male) |
| 4:26 | Create | Villager (Male) |
| 4:26 | Create | Villager (Male) |
| 4:32 | Build | House |
| 4:57 | Build | Mill |
| 5:35 | Create | Villager (Male) |
| 5:36 | Create | Villager (Male) |
| 5:36 | Create | Villager (Male) |
| 5:42 | Build | House |
| 6:33 | Create | Villager (Male) |
| 7:18 | Research | Feudal Age |
| 7:34 | Build | Lumber Camp |
| 7:43 | Build | House |
| 8:37 | Build | Barracks |
| 8:57 | Build | Palisade Wall |
| 9:03 | Create | Villager (Male) |
| 9:17 | Build | Farm |
| 9:20 | Build | Farm |
| 9:28 | Age | Feudal Age |
| 9:34 | Research | Horse Collar |
| 9:39 | Research | Double-Bit Axe |
| 9:40 | Create | Villager (Male) |
| 9:40 | Create | Villager (Male) |
| 9:56 | Create | Villager (Male) |
| 10:04 | Create | Spearman |
| 10:04 | Create | Spearman |
| 10:06 | Create | Spearman |
| 10:19 | Build | House |
| 10:33 | Build | Farm |
| 10:57 | Build | Palisade Wall |
| 11:22 | Create | Villager (Male) |
| 11:23 | Create | Villager (Male) |
| 11:23 | Create | Villager (Male) |
| 11:44 | Build | Blacksmith |
| 12:02 | Create | Villager (Male) |
| 12:21 | Create | Villager (Male) |
| 12:22 | Create | Villager (Male) |
| 12:31 | Build | Farm |
| 12:32 | Build | Farm |
| 12:33 | Build | Farm |
| 12:51 | Build | Mining Camp |
| 13:16 | Build | Market |
| 13:32 | Create | Villager (Male) |
| 13:32 | Create | Villager (Male) |
| 13:45 | Build | House |
| 13:47 | Build | House |
| 13:48 | Build | House |
| 13:50 | Build | House |
| 14:02 | Build | Palisade Wall |
| 14:11 | Build | Palisade Gate |
| 14:25 | Create | Villager (Male) |
| 14:26 | Create | Villager (Male) |
| 14:31 | Research | Gold Mining |
| 15:02 | Build | Palisade Wall |
| 15:20 | Build | Archery Range |
| 15:22 | Build | Archery Range |
| 15:33 | Build | Lumber Camp |
| 15:51 | Research | Stone Mining |
| 15:53 | Create | Villager (Male) |
| 15:53 | Create | Villager (Male) |
| 15:53 | Create | Villager (Male) |
| 15:54 | Create | Villager (Male) |
| 16:08 | Build | Mining Camp |
| 16:42 | Create | Villager (Male) |
| 16:42 | Create | Villager (Male) |
| 16:49 | Research | Padded Archer Armor |
| 16:50 | Research | Fletching |
| 16:53 | Create | Trade Cart |
| 16:53 | Create | Trade Cart |
| 16:53 | Create | Trade Cart |
| 16:54 | Create | Trade Cart |
| 17:30 | Build | Palisade Wall |
| 17:35 | Build | Palisade Gate |
| 17:40 | Build | Palisade Wall |
| 17:56 | Create | Villager (Male) |
| 17:56 | Create | Villager (Male) |
| 18:13 | Build | Farm |
| 18:13 | Build | Farm |
| 18:14 | Build | Farm |
| 18:15 | Build | Farm |
| 18:56 | Create | Archer |
| 18:56 | Create | Archer |
| 18:56 | Create | Archer |
| 18:57 | Create | Archer |
| 18:57 | Create | Archer |
| 18:57 | Create | Archer |
| 18:57 | Create | Archer |
| 18:58 | Create | Archer |
| 18:58 | Create | Archer |
| 18:58 | Create | Archer |
| 18:58 | Create | Archer |
| 19:15 | Build | Farm |
| 19:16 | Build | Farm |
| 19:17 | Build | Farm |
| 19:17 | Build | Farm |
| 19:58 | Build | Farm |
| 19:59 | Build | Farm |
| 20:08 | Create | Villager (Male) |
| 20:08 | Create | Villager (Male) |
| 20:08 | Create | Villager (Male) |
| 20:11 | Create | Villager (Male) |
| 20:19 | Build | House |
| 20:21 | Build | House |
| 20:22 | Build | House |
| 20:23 | Build | House |
| 20:25 | Build | House |
| 20:54 | Build | Palisade Gate |
| 21:17 | Create | Villager (Male) |
| 22:23 | Research | Castle Age |
| 22:29 | Create | Villager (Male) |
| 22:30 | Create | Villager (Male) |
| 22:30 | Create | Villager (Male) |
| 22:30 | Create | Villager (Male) |
| 22:56 | Build | Mill |
| 22:58 | Build | Farm |
| 22:59 | Build | Farm |
| 22:59 | Build | Farm |
| 23:00 | Build | Farm |
| 23:56 | Create | Villager (Male) |
| 25:08 | Age | Castle Age |
| 25:18 | Create | Villager (Male) |
| 25:32 | Build | Town Center |
| 25:42 | Create | Villager (Male) |
| 25:46 | Research | Leather Archer Armor |
| 25:47 | Research | Bodkin Arrow |
| 25:51 | Create | Trade Cart |
| 25:51 | Create | Trade Cart |
| 25:51 | Create | Trade Cart |
| 25:51 | Create | Trade Cart |
| 26:17 | Research | Gold Shaft Mining |
| 26:20 | Research | Bow Saw |
| 26:23 | Research | Heavy Plow |
| 26:29 | Build | Farm |
| 26:29 | Build | Farm |
| 26:36 | Research | Crossbowman (upgrade) |
| 26:46 | Build | University |
| 27:23 | Create | Archer |
Build order — nutix
First 150 of 244 actions detected
| 0:02 | Create | Villager (Male) |
| 0:02 | Create | Villager (Male) |
| 0:03 | Create | Villager (Male) |
| 0:06 | Build | House |
| 0:07 | Build | House |
| 0:28 | Create | Villager (Male) |
| 0:28 | Create | Villager (Male) |
| 1:39 | Create | Villager (Male) |
| 1:39 | Create | Villager (Male) |
| 1:59 | Create | Villager (Male) |
| 2:04 | Build | Lumber Camp |
| 2:38 | Create | Villager (Male) |
| 2:57 | Create | Villager (Male) |
| 3:11 | Create | Villager (Male) |
| 3:12 | Create | Villager (Male) |
| 3:39 | Build | House |
| 3:44 | Build | House |
| 4:03 | Build | Mill |
| 4:22 | Create | Villager (Male) |
| 4:23 | Create | Villager (Male) |
| 4:58 | Create | Villager (Male) |
| 4:58 | Create | Villager (Male) |
| 4:58 | Create | Villager (Male) |
| 5:51 | Create | Villager (Male) |
| 5:51 | Create | Villager (Male) |
| 6:16 | Create | Villager (Male) |
| 6:25 | Create | Villager (Male) |
| 6:45 | Build | Barracks |
| 6:49 | Build | House |
| 7:33 | Research | Feudal Age |
| 7:33 | Research | Feudal Age |
| 7:46 | Build | Lumber Camp |
| 8:26 | Create | Villager (Male) |
| 8:44 | Build | House |
| 8:51 | Build | House |
| 8:55 | Build | House |
| 9:08 | Create | Villager (Male) |
| 9:10 | Create | Villager (Male) |
| 9:29 | Build | House |
| 9:38 | Build | Palisade Wall |
| 9:43 | Age | Feudal Age |
| 9:45 | Build | House |
| 9:49 | Research | Double-Bit Axe |
| 9:51 | Create | Spearman |
| 10:05 | Build | House |
| 10:08 | Build | Palisade Wall |
| 10:21 | Build | Stable |
| 10:24 | Create | Villager (Male) |
| 10:24 | Create | Villager (Male) |
| 10:24 | Create | Villager (Male) |
| 10:56 | Build | Farm |
| 10:56 | Build | Farm |
| 11:02 | Build | Farm |
| 11:16 | Create | Scout Cavalry |
| 11:35 | Build | Blacksmith |
| 11:40 | Build | Market |
| 11:43 | Build | House |
| 11:54 | Create | Scout Cavalry |
| 12:25 | Create | Scout Cavalry |
| 12:35 | Create | Villager (Male) |
| 12:35 | Create | Villager (Male) |
| 12:47 | Build | Farm |
| 12:54 | Build | Farm |
| 13:14 | Create | Villager (Male) |
| 13:18 | Create | Villager (Male) |
| 13:18 | Create | Villager (Male) |
| 13:27 | Build | Farm |
| 13:29 | Build | Farm |
| 13:33 | Build | Farm |
| 13:35 | Build | Farm |
| 14:15 | Create | Villager (Male) |
| 14:15 | Create | Villager (Male) |
| 14:15 | Create | Villager (Male) |
| 14:16 | Create | Villager (Male) |
| 14:16 | Create | Villager (Male) |
| 14:17 | Create | Villager (Male) |
| 14:46 | Create | Villager (Male) |
| 14:55 | Build | Mining Camp |
| 15:01 | Build | House |
| 15:02 | Build | House |
| 15:03 | Build | House |
| 15:20 | Create | Villager (Male) |
| 15:20 | Create | Villager (Male) |
| 15:21 | Create | Villager (Male) |
| 15:25 | Build | Farm |
| 15:25 | Build | Farm |
| 15:25 | Build | Farm |
| 15:26 | Build | Farm |
| 15:26 | Build | Farm |
| 15:54 | Create | Villager (Male) |
| 15:54 | Create | Villager (Male) |
| 16:22 | Research | Gold Mining |
| 16:28 | Build | Palisade Wall |
| 17:01 | Build | Farm |
| 17:21 | Create | Villager (Male) |
| 17:21 | Create | Villager (Male) |
| 17:25 | Research | Forging |
| 17:29 | Create | Scout Cavalry |
| 17:33 | Create | Scout Cavalry |
| 17:51 | Build | Mill |
| 17:56 | Build | Farm |
| 18:00 | Build | Farm |
| 18:00 | Build | Farm |
| 18:05 | Build | Farm |
| 19:20 | Create | Villager (Male) |
| 19:21 | Create | Villager (Male) |
| 19:24 | Research | Castle Age |
| 19:48 | Build | Farm |
| 19:48 | Build | Farm |
| 19:48 | Build | Farm |
| 19:50 | Build | Farm |
| 20:16 | Create | Spearman |
| 21:34 | Create | Spearman |
| 21:36 | Create | Spearman |
| 21:45 | Build | House |
| 21:53 | Build | House |
| 21:55 | Build | House |
| 21:57 | Build | House |
| 22:20 | Age | Castle Age |
| 22:25 | Build | Town Center |
| 22:45 | Build | Town Center |
| 23:02 | Create | Villager (Male) |
| 23:02 | Create | Villager (Male) |
| 23:02 | Create | Villager (Male) |
| 23:13 | Create | Spearman |
| 23:13 | Create | Spearman |
| 23:29 | Create | Villager (Male) |
| 23:29 | Create | Villager (Male) |
| 23:58 | Create | Villager (Male) |
| 23:58 | Create | Villager (Male) |
| 23:59 | Create | Villager (Male) |
| 23:59 | Create | Villager (Male) |
| 24:15 | Create | Villager (Male) |
| 24:16 | Create | Villager (Male) |
| 24:16 | Create | Villager (Male) |
| 24:16 | Create | Villager (Male) |
| 24:16 | Create | Villager (Male) |
| 24:17 | Create | Villager (Male) |
| 24:29 | Build | Palisade Wall |
| 24:35 | Create | Villager (Male) |
| 24:36 | Create | Villager (Male) |
| 24:36 | Create | Villager (Male) |
| 24:41 | Research | Wheelbarrow |
| 24:42 | Research | Town Watch |
| 24:43 | Research | Loom |
| 24:45 | Create | Villager (Male) |
| 24:50 | Research | Iron Casting |
| 24:59 | Research | Husbandry |
| 25:08 | Build | Palisade Gate |
| 25:33 | Create | Villager (Male) |
Build order — Mijael
119 actions detected in the replay
| 0:03 | Create | Villager (Male) ×4 |
| 0:05 | Build | House |
| 0:06 | Build | House |
| 1:54 | Create | Villager (Male) |
| 2:10 | Create | Villager (Male) |
| 2:30 | Create | Villager (Male) |
| 3:06 | Create | Villager (Male) |
| 3:29 | Build | Mill |
| 3:33 | Create | Villager (Male) |
| 3:39 | Create | Villager (Male) |
| 4:05 | Create | Villager (Male) |
| 4:38 | Create | Villager (Male) |
| 4:58 | Build | House |
| 5:00 | Build | House |
| 5:01 | Build | House |
| 5:06 | Research | Loom |
| 5:07 | Create | Villager (Male) ×2 |
| 6:41 | Build | Lumber Camp |
| 6:43 | Create | Villager (Male) ×5 |
| 6:48 | Create | Villager (Male) |
| 7:23 | Create | Villager (Male) |
| 8:24 | Research | Feudal Age |
| 8:24 | Create | Villager (Male) |
| 9:25 | Build | Mill |
| 9:34 | Create | Villager (Male) ×2 |
| 9:46 | Build | Mining Camp |
| 10:09 | Create | Villager (Male) ×4 |
| 10:34 | Age | Feudal Age |
| 10:36 | Research | Horse Collar |
| 10:39 | Research | Wheelbarrow |
| 10:39 | Create | Villager (Male) ×2 |
| 11:14 | Build | Barracks |
| 11:38 | Create | Villager (Male) ×4 |
| 11:55 | Build | Blacksmith |
| 12:24 | Build | Stable |
| 12:39 | Build | Blacksmith |
| 13:14 | Build | Mining Camp |
| 13:28 | Research | Double-Bit Axe |
| 13:29 | Create | Villager (Male) |
| 13:58 | Create | Villager (Male) |
| 14:39 | Build | Farm |
| 14:40 | Build | Farm |
| 14:40 | Build | Farm |
| 14:41 | Build | Farm |
| 14:45 | Create | Scout Cavalry |
| 14:59 | Build | Farm |
| 15:00 | Build | Farm |
| 15:00 | Build | Farm |
| 15:05 | Build | Farm |
| 15:06 | Build | Farm |
| 15:09 | Create | Villager (Male) |
| 15:17 | Build | Farm |
| 15:38 | Build | House |
| 15:40 | Build | House |
| 15:53 | Create | Scout Cavalry ×2 |
| 16:16 | Create | Villager (Male) ×2 |
| 16:41 | Build | Farm |
| 16:45 | Build | Farm |
| 16:50 | Build | Farm |
| 16:51 | Build | Farm |
| 17:04 | Create | Villager (Male) ×4 |
| 17:12 | Research | Bloodlines |
| 17:45 | Build | Farm |
| 17:46 | Build | Farm |
| 17:47 | Build | Farm |
| 17:47 | Build | Farm |
| 17:59 | Create | Villager (Male) ×5 |
| 18:16 | Build | Watch Tower |
| 19:01 | Research | Scale Barding Armor |
| 19:19 | Create | Scout Cavalry ×5 |
| 19:24 | Build | Farm |
| 19:24 | Build | Farm |
| 19:35 | Create | Villager (Male) ×2 |
| 19:48 | Build | Farm |
| 19:49 | Build | Farm |
| 19:50 | Build | Farm |
| 19:51 | Build | Farm |
| 19:52 | Build | Farm |
| 19:55 | Research | Arson |
| 19:57 | Create | Spearman ×2 |
| 20:12 | Build | House |
| 20:14 | Build | House |
| 20:15 | Build | House |
| 20:16 | Build | House |
| 20:19 | Build | House |
| 20:23 | Build | House |
| 20:39 | Build | House |
| 20:45 | Create | Villager (Male) ×4 |
| 21:48 | Create | Scout Cavalry ×5 |
| 22:25 | Create | Scout Cavalry ×5 |
| 22:44 | Build | Watch Tower |
| 22:47 | Create | Villager (Male) ×4 |
| 24:06 | Create | Scout Cavalry ×5 |
| 24:25 | Build | Stone Wall |
| 24:31 | Build | Gate |
| 24:53 | Build | Farm |
| 25:00 | Research | Gold Mining |
| 25:02 | Research | Stone Mining |
| 25:25 | Build | Stable |
| 25:26 | Build | Stable |
| 25:29 | Build | Stable |
| 25:35 | Build | Stable |
| 26:04 | Build | Market |
| 26:24 | Research | Castle Age |
| 26:24 | Create | Villager (Male) ×3 |
| 26:44 | Build | Mining Camp |
| 27:59 | Build | Barracks |
| 28:01 | Build | Barracks |
| 28:02 | Build | Barracks |
| 28:03 | Build | Barracks |
| 28:05 | Build | Barracks |
| 28:07 | Create | Scout Cavalry ×5 |
| 28:11 | Create | Villager (Male) ×5 |
| 29:04 | Age | Castle Age |
| 29:16 | Build | Monastery |
| 30:00 | Build | Lumber Camp |
| 30:19 | Research | Hand Cart |
| 30:21 | Research | Bow Saw |
| 30:28 | Build | Watch Tower |
Build order — MarvinOoo ツ
61 actions detected in the replay
| 0:07 | Build | House |
| 0:08 | Build | House |
| 0:10 | Create | Villager (Male) |
| 0:11 | Create | Villager (Male) |
| 0:11 | Create | Villager (Male) |
| 0:11 | Create | Villager (Male) |
| 0:11 | Create | Villager (Male) |
| 0:11 | Create | Villager (Male) |
| 1:41 | Create | Villager (Male) |
| 1:41 | Create | Villager (Male) |
| 2:07 | Create | Villager (Male) |
| 2:39 | Create | Villager (Male) |
| 3:44 | Create | Villager (Male) |
| 3:44 | Create | Villager (Male) |
| 3:44 | Create | Villager (Male) |
| 3:45 | Create | Villager (Male) |
| 3:46 | Create | Villager (Male) |
| 4:33 | Create | Villager (Male) |
| 5:53 | Build | House |
| 6:09 | Build | Lumber Camp |
| 6:28 | Build | Mining Camp |
| 7:55 | Create | Villager (Male) |
| 8:32 | Research | Loom |
| 8:34 | Research | Feudal Age |
| 10:44 | Age | Feudal Age |
| 10:53 | Research | Wheelbarrow |
| 10:54 | Research | Double-Bit Axe |
| 10:56 | Research | Gold Mining |
| 11:07 | Build | Mill |
| 11:32 | Create | Villager (Male) |
| 13:20 | Build | Farm |
| 13:23 | Build | Farm |
| 13:24 | Build | Farm |
| 13:26 | Build | Farm |
| 15:11 | Build | Farm |
| 15:14 | Build | Farm |
| 20:36 | Create | Villager (Male) |
| 20:36 | Create | Villager (Male) |
| 20:38 | Create | Villager (Male) |
| 21:42 | Create | Villager (Male) |
| 21:42 | Create | Villager (Male) |
| 21:43 | Create | Villager (Male) |
| 22:31 | Build | Barracks |
| 23:29 | Create | Spearman |
| 23:30 | Create | Spearman |
| 24:19 | Create | Villager (Male) |
| 24:19 | Create | Villager (Male) |
| 24:20 | Create | Villager (Male) |
| 24:20 | Create | Villager (Male) |
| 24:21 | Create | Villager (Male) |
| 25:50 | Build | Outpost |
| 26:07 | Build | Market |
| 26:52 | Build | House |
| 26:54 | Build | House |
| 26:56 | Build | House |
| 27:00 | Build | House |
| 27:03 | Build | House |
| 27:59 | Create | Trade Cart |
| 28:11 | Build | Farm |
| 29:13 | Research | Town Watch |
| 31:47 | Build | Stable |
Match timeline
| 6:45 | nutix · first_building Barracks |
| 8:37 | xinako13 · first_building Barracks |
| 8:57 | xinako13 · wall_segment Palisade Wall x10 |
| 9:28 | xinako13 · age_up feudal |
| 9:38 | nutix · wall_segment Palisade Wall x1 |
| 9:43 | nutix · age_up feudal |
| 10:08 | nutix · wall_segment Palisade Wall x1 |
| 10:21 | nutix · first_building Stable |
| 10:34 | Mijael · age_up feudal |
| 10:44 | MarvinOoo ツ · age_up feudal |
| 10:57 | xinako13 · wall_segment Palisade Wall x13 |
| 11:14 | Mijael · first_building Barracks |
| 12:24 | Mijael · first_building Stable |
| 14:02 | xinako13 · wall_segment Palisade Wall x8 |
| 15:02 | xinako13 · wall_segment Palisade Wall x11 |
| 15:20 | xinako13 · first_building Archery Range |
| 16:28 | nutix · wall_segment Palisade Wall x1 |
| 17:30 | xinako13 · wall_segment Palisade Wall x9 |
| 17:40 | xinako13 · wall_segment Palisade Wall x3 |
| 22:20 | nutix · age_up castle |
| 22:31 | MarvinOoo ツ · first_building Barracks |
| 24:25 | Mijael · wall_segment Stone Wall x15 |
| 24:29 | nutix · wall_segment Palisade Wall x15 |
| 25:08 | xinako13 · age_up castle |
| 29:04 | Mijael · age_up castle |
| 29:16 | Mijael · first_building Monastery |
| 29:27 | xinako13 · first_building Castle |
| 30:10 | Mijael · first_market_buy 100 wood |
| 30:31 | nutix · wall_segment Palisade Wall x1 |
| 31:47 | MarvinOoo ツ · first_building Stable |
| 32:14 | Mijael · resign |
[ AI ANALYSIS · 1 CREDIT ]
What really happened in this match?
Wolo.gg analyzes every decision: build order, eco, micro, common mistakes by bracket. Personalized analysis on WhatsApp or Discord in 30 seconds.
Civ guide
Britons
Perfil
Jugador #4804059